Map: Sludge City

Players

Stylyn

  • Race: Zerg Zerg
  • Spawn Location: 11:00

Orthoclase

  • Race: Zerg Zerg
  • League: Gold
  • Spawn Location: 9:00

MrLeisure - Winner!

  • Race: Terran Terran
  • Spawn Location: 5:00

Grumm - Winner!

  • Race: Zerg Zerg
  • League: Gold
  • Spawn Location: 5:00

VOD

Have the link to the VOD?

Description

Time

  • Played on: Jan. 31, 2016, 1:36 p.m.
  • Length: 15:52
Show
View Real Time Build Order
Export as new Build Order

Stylyn Zerg 

Build Orders: Hatch First 

Get SALT Encoding   

  12  0:03  Drone  
  13  0:10  Drone  
  14  0:36  Hatchery  
  14  0:39  Drone  
  14  0:46  Overlord  
  14  0:52  Extractor  
  14  0:54  Drone  
  14  1:10  Spawning Pool  
  13  1:14  Drone  
  14  1:19  Drone  
  15  1:30  Drone x2  
  17  1:36  Drone  
  18  1:51  Drone x2  
  20  1:58  Queen  
  22  2:03  Queen  
  22  2:07  Drone  
  25  2:12  Drone x3  
  28  2:17  Extractor  
  28  2:18  Drone  
  28  2:21  Spine Crawler  
  28  2:22  Zergling x2  
  28  2:33  Overlord x2  
  28  2:57  Zergling x8  
  32  3:05  Zergling x4  
  34  3:18  Drone  
  34  3:19  Drone  
  36  3:23  Extractor  
  35  3:31  Drone x3  
  38  3:37  Hatchery  
  37  3:42  Extractor  
  37  3:43  Drone  
  37  3:44  Drone x6  
  43  3:53  Drone  
  44  4:01  Lair  
  44  4:22  Overlord x3  
  44  4:30  Spore Crawler  
  44  4:31  Spore Crawler  
  42  4:33  Drone  
  42  4:34  Drone  
  42  4:35  Spore Crawler  
  42  4:37  Overlord x2  
  43  4:39  Overlord x2  
  43  4:50  Drone, Queen  
  46  4:54  Drone x3  
  49  5:03  Spire  
  48  5:07  Infestation Pit  
  48  5:13  Metabolic Boost  
  47  5:15  Zergling x10  
  47  5:16  Zergling x10  
  57  5:55  Hive  
  57  5:57  Hatchery  
  57  5:58  Drone x2  
  57  5:59  Drone  
  57  6:01  Overlord x3  
  59  6:09  Drone x2  
  59  6:10  Drone x3  
  59  6:11  Drone  
  65  6:22  Zerg Flyer Weapons Level 1  
  65  6:26  Corruptor x2  
  69  6:34  Overlord x2  
  69  6:38  Corruptor  
  71  6:41  Corruptor  
  73  6:56  Corruptor  
  73  6:57  Corruptor x3  
  81  7:11  Corruptor x2  
  81  7:12  Nydus Network, Corruptor  
  86  7:25  Drone x3  
  86  7:27  Spore Crawler  
  86  7:29  Drone x3  
  92  7:30  Drone x2  
  92  7:31  Spore Crawler  
  90  7:58  Hatchery  
  88  8:08  Corruptor x5  
  97  8:16  Drone x5  
  98  8:34  Drone x2  
  98  8:39  Overlord x4  
  99  8:46  Greater Spire  
  97  8:49  Viper x2  
  80  9:09  Zergling x2  
  81  9:10  Zergling x10  
  81  9:15  Corruptor  
  81  9:16  Corruptor x3  
  94  9:23  Overlord  
  82  10:17  Brood Lord x3  
  82  10:19  Brood Lord  
  88  10:21  Zergling x2  
  88  10:22  Zergling x10  
  90  10:34  Brood Lord  
  86  11:09  Zergling x12  
  92  11:17  Overseer  
  86  12:03  Mutalisk x3  
  86  12:04  Corruptor x3  
  98  12:17  Corruptor x2  
  100  12:45  Hatchery  
  99  12:58  Viper  
  99  13:02  Corruptor x4  
  99  13:03  Corruptor  
  112  13:09  Corruptor  
  114  13:27  Hatchery  
  114  13:32  Hatchery  
  112  14:02  Corruptor x3  
  116  14:08  Brood Lord x2  
  116  14:09  Brood Lord x6  
  56  15:16  Drone  
  56  15:17  Drone x2  
Show
View Real Time Build Order
Export as new Build Order

Orthoclase Zerg 

Build Orders: Hatch First 

Get SALT Encoding   

  12  0:00  Drone  
  13  0:08  Drone  
  14  0:15  Extractor  
  14  0:16  Drone  
  15  0:22  Extractor  
  15  0:23  Extractor  
  15  0:24  Drone  
  16  0:45  Hatchery  
  15  0:50  Extractor x2  
  15  0:51  Drone  
  15  0:55  Overlord  
  15  1:11  Spawning Pool  
  15  1:16  Drone  
  15  1:21  Drone  
  15  1:25  Drone  
  17  1:29  Drone  
  18  1:38  Drone  
  19  1:50  Drone  
  20  1:58  Queen  
  22  2:07  Queen  
  24  2:13  Metabolic Boost  
  23  2:20  Zergling x2  
  23  2:26  Zergling x2  
  24  2:31  Overlord  
  24  2:48  Overlord  
  24  2:49  Drone x4  
  28  2:56  Drone  
  29  3:02  Drone x2  
  31  3:11  Drone x2  
  33  3:13  Drone  
  33  3:14  Drone, Roach Warren  
  34  3:33  Zergling x6  
  34  3:34  Zergling x4  
  39  3:44  Drone x2  
  39  3:47  Drone x2  
  39  3:48  Drone  
  44  3:49  Evolution Chamber  
  44  3:55  Evolution Chamber  
  42  3:57  Overlord  
  42  3:59  Roach  
  44  4:05  Overlord  
  44  4:16  Lair  
  44  4:23  Queen  
  46  4:26  Extractor  
  46  4:28  Drone x6  
  51  4:36  Extractor x2  
  49  4:38  Hatchery  
  49  4:42  Spore Crawler  
  49  4:45  Drone x2, Spore Crawler  
  48  4:46  Drone x2, Spore Crawler  
  48  4:52  Drone  
  50  4:54  Roach  
  50  4:55  Roach  
  50  4:56  Roach  
  50  4:59  Queen  
  58  5:08  Zerg Ground Armor Level 1, Zerg Missile Weapons Level 1  
  58  5:13  Drone x2  
  60  5:19  Overlord x2  
  60  5:27  Glial Reconstitution  
  60  5:35  Overlord  
  60  5:41  Drone x3  
  60  5:42  Overlord, Roach x2  
  67  5:53  Infestation Pit  
  67  5:55  Drone  
  67  5:58  Drone x6  
  73  6:16  Drone x4  
  73  6:17  Queen  
  73  6:18  Drone x3, Extractor  
  82  6:24  Spore Crawler  
  80  6:26  Overlord  
  80  6:32  Spore Crawler  
  79  6:34  Spore Crawler  
  78  6:49  Hydralisk Den  
  77  7:04  Drone  
  77  7:05  Drone  
  79  7:10  Drone x2  
  79  7:11  Extractor  
  79  7:13  Drone x3  
  79  7:14  Overlord  
  79  7:15  Spore Crawler  
  82  7:16  Hive  
  82  7:18  Zerg Ground Armor Level 2, Zerg Melee Weapons Level 1  
  82  7:20  Muscular Augments  
  82  7:28  Pathogen Glands  
  82  7:44  Drone x2  
  83  7:49  Drone x2  
  86  7:52  Hydralisk x2  
  86  7:53  Hydralisk x2  
  86  7:56  Hydralisk x2  
  86  7:57  Hydralisk x4  
  106  8:01  Overlord  
  106  8:02  Overlord x2  
  106  8:25  Overlord  
  106  8:42  Ultralisk Cavern  
  106  8:44  Spore Crawler  
  106  8:45  Spore Crawler  
  103  8:50  Roach x6  
  103  8:51  Roach x2  
  102  9:02  Hydralisk x3  
  102  9:03  Hydralisk x8  
  102  9:04  Hydralisk  
  104  9:10  Roach  
  104  9:11  Roach  
  108  9:20  Hydralisk x2  
  108  9:21  Overlord  
  112  9:27  Roach  
  112  9:28  Chitinous Plating  
  114  9:44  Ultralisk x2  
  114  9:45  Hatchery  
  107  10:00  Hydralisk x6  
  107  10:01  Hydralisk x3  
  93  10:11  Roach x4  
  101  10:21  Roach x4  
  101  10:22  Roach x2  
  79  10:44  Roach  
  79  10:45  Roach x5  
  77  10:50  Overlord  
  77  10:53  Hydralisk x2  
  46  11:41  Roach x4  
  46  11:42  Roach x5  
  64  12:16  Roach x3  
  64  12:17  Roach x6  
  82  12:58  Viper  
  82  13:01  Roach x5  
  82  13:02  Roach x3  
  99  13:56  Hatchery x2  
  97  14:10  Hatchery  
  96  14:21  Roach x3  
  100  14:50  Hydralisk x5  
  100  14:51  Hydralisk  
  109  15:20  Hydralisk x2  
Show
View Real Time Build Order
Export as new Build Order

MrLeisure Terran - Winner!

Build Orders: MMM Bio 

Get SALT Encoding   

  12  0:02  SCV  
  13  0:15  SCV  
  14  0:23  Supply Depot  
  14  0:27  SCV  
  15  0:45  SCV  
  16  0:50  Barracks  
  16  0:57  SCV  
  17  1:06  Barracks  
  17  1:09  SCV  
  18  1:16  Refinery  
  18  1:22  SCV  
  19  1:37  Marine  
  19  1:39  Supply Depot  
  20  1:46  Orbital Command  
  20  1:55  Barracks  
  20  1:57  Marine x2  
  22  2:08  Supply Depot  
  22  2:13  SCV  
  23  2:15  Refinery  
  23  2:25  SCV  
  23  2:29  Marine x2  
  26  2:37  SCV  
  27  2:50  SCV  
  28  2:55  Command Center  
  28  2:58  Barracks Tech Lab  
  28  2:59  Barracks Reactor  
  28  3:00  Marine  
  28  3:02  SCV  
  30  3:18  Factory  
  30  3:20  Supply Depot  
  30  3:27  Barracks Tech Lab  
  30  3:43  Supply Depot  
  30  3:46  Marauder  
  30  3:47  Stimpack  
  32  3:49  Marauder, Marine  
  32  3:50  Marine  
  36  4:09  Marauder  
  38  4:10  Marauder  
  38  4:16  Orbital Command  
  40  4:19  SCV  
  41  4:27  Engineering Bay  
  41  4:34  Starport  
  41  4:37  Widow Mine  
  43  4:41  SCV  
  43  4:44  SCV  
  45  4:53  SCV  
  45  4:56  SCV  
  45  4:58  Marauder, Marine x2  
  51  5:01  Combat Shields  
  51  5:05  SCV  
  52  5:08  SCV  
  53  5:19  Viking  
  53  5:20  Widow Mine  
  57  5:31  SCV  
  57  5:32  SCV  
  57  5:33  Refinery  
  57  5:34  Marine  
  57  5:35  Marauder x2, Marine  
  65  5:43  SCV  
  65  5:44  Refinery, SCV  
  67  5:50  Widow Mine  
  67  5:52  Starport Reactor  
  67  5:56  SCV  
  70  6:21  Factory Tech Lab  
  70  6:30  Supply Depot  
  70  6:31  Supply Depot  
  70  6:32  Supply Depot  
  70  6:37  Terran Infantry Weapons Level 1  
  70  6:49  Medivac x2, Marine x2  
  70  6:50  Marauder  
  70  6:52  Marauder, SCV, Siege Tank  
  84  7:08  SCV x2  
  84  7:10  Factory  
  86  7:20  SCV x2  
  88  7:24  Siege Tank  
  91  7:32  Medivac x2, SCV  
  91  7:33  SCV  
  91  7:34  Marine x4  
  91  7:37  Concussive Shells  
  101  7:48  Supply Depot  
  101  7:49  Supply Depot x2  
  101  7:50  Supply Depot  
  101  7:52  Marine x4  
  101  7:56  Command Center  
  105  8:02  Medivac x2  
  109  8:09  Marine, Siege Tank  
  109  8:10  Marine x3  
  116  8:27  Marine x2  
  116  8:28  Supply Depot x2, Marauder x2  
  116  8:29  Supply Depot  
  122  8:42  Siege Tank  
  122  8:43  Medivac x2  
  122  8:45  Terran Infantry Armor Level 1, Marine x2  
  131  8:49  Armory  
  113  9:13  Medivac x2  
  117  9:30  Factory Tech Lab  
  117  9:31  Orbital Command  
  117  9:33  Command Center, Marine x4  
  121  9:51  Marauder, Marine x2  
  117  10:11  Marine x2  
  117  10:12  Marauder  
  117  10:13  Marauder  
  123  10:16  Medivac  
  124  10:29  Orbital Command, Marine x2  
  124  10:34  Marauder x2  
  113  10:47  Marine  
  106  10:53  Marine  
  106  10:55  Marauder  
  106  10:56  Marauder  
  96  11:04  Marine  
  88  11:11  Marine  
  88  11:16  Marauder  
  88  11:17  Starport, Marauder  
  88  11:18  Starport  
  86  11:20  Orbital Command, Starport  
  86  11:21  Refinery  
  86  11:22  Refinery, Marine  
  86  11:24  Starport  
  87  11:40  Marine x4  
  87  11:45  Viking x2  
  95  11:58  Marine  
  96  12:02  Orbital Command  
  96  12:04  Viking x4  
  104  12:15  Viking x2  
  108  12:31  SCV x3  
  108  12:32  SCV  
  108  12:34  Viking x2  
  116  12:43  SCV x2  
  116  12:44  SCV x2  
  120  12:47  Starport Tech Lab  
  120  12:49  Viking x2  
  120  12:50  Starport Tech Lab  
  124  12:55  SCV x2  
  124  12:56  SCV x2  
  128  13:05  Starport Tech Lab  
  128  13:07  SCV  
  128  13:08  SCV x3  
  128  13:11  Starport Tech Lab  
  132  13:14  Fusion Core  
  132  13:19  Refinery  
  132  13:20  Refinery  
  132  13:23  SCV x3  
  132  13:24  SCV  
  136  13:29  Supply Depot  
  136  13:33  Medivac x2  
  140  13:34  Medivac  
  140  13:35  Viking x3, SCV x2  
  140  13:36  SCV x2  
  152  13:42  Marine x3  
  152  13:43  Marine  
  151  14:00  Marine x4  
  134  14:18  Marine x4  
  130  14:31  Viking x6  
  136  14:36  Marauder, Marine x2  
  136  14:37  Marauder  
  142  14:53  Marine  
  142  14:54  Marine  
  142  14:57  Marine x2  
  146  15:00  Viking  
  146  15:01  Viking  
  146  15:02  Orbital Command  
  150  15:15  Marine  
Show
View Real Time Build Order
Export as new Build Order

Grumm Zerg - Winner!

Build Orders: Pool First 

Get SALT Encoding   

  12  0:01  Drone  
  13  0:23  Spawning Pool  
  13  0:26  Drone  
  13  0:34  Overlord  
  13  0:40  Drone  
  14  1:05  Hatchery  
  13  1:13  Zergling x4  
  13  1:15  Zergling x2  
  16  1:27  Queen  
  18  1:41  Drone x2  
  18  1:45  Extractor  
  19  2:02  Drone x2  
  19  2:24  Drone  
  19  2:25  Drone  
  21  2:30  Extractor  
  21  2:33  Queen  
  22  2:37  Drone  
  22  2:38  Drone x3  
  22  2:43  Drone x2  
  28  2:53  Overlord  
  27  3:09  Overlord  
  27  3:24  Lair  
  27  3:26  Zergling x10  
  32  3:28  Metabolic Boost  
  32  3:34  Roach Warren  
  32  3:40  Drone x3  
  34  3:42  Extractor  
  34  3:44  Extractor  
  32  4:15  Drone x8  
  40  4:32  Spire  
  40  4:36  Drone  
  40  4:37  Drone x3  
  43  4:41  Drone  
  43  4:42  Overlord x2  
  43  4:43  Overlord  
  44  5:16  Drone x5  
  44  5:20  Drone x4  
  53  5:38  Pneumatized Carapace  
  53  5:42  Overlord  
  53  5:45  Mutalisk x5  
  53  5:46  Mutalisk x2  
  53  5:47  Overlord x3  
  67  6:00  Zerg Flyer Armor Level 1  
  67  6:09  Evolution Chamber  
  66  6:34  Mutalisk x3  
  68  7:10  Mutalisk x3  
  68  7:11  Mutalisk  
  76  7:19  Infestation Pit  
  75  7:38  Hatchery  
  68  8:28  Hive  
  68  8:36  Zergling x16  
  68  8:37  Zergling x12  
  80  9:25  Queen  
  106  9:32  Overlord x4  
  106  10:17  Burrow  
  91  12:07  Zergling x26  
  91  12:08  Zergling x10  
  91  12:36  Zergling x2  
  92  12:37  Zergling x12  
  92  12:38  Adrenal Glands  
  98  12:47  Extractor  
  98  12:50  Extractor  
  71  13:33  Mutalisk x6  
  71  13:34  Mutalisk x9  
  75  13:40  Zerg Flyer Weapons Level 1  
  101  13:44  Zerg Melee Weapons Level 1  
  81  15:13  Mutalisk  
  81  15:14  Mutalisk x11  
Tags
 
Add a new tag
Caveats
  • Supply blocks, unpowered buildings, or Contaminate may cause inaccurate times.
  • Supply counts are checked every 10 seconds.